 Dungeon Crawl Stone Soup version 0.18-a0-822-gb52b7b4 (webtiles) character file.

224 root the Chucker (level 5, -16/49 HPs)
             Began as a Troll Hunter on Dec 16, 2015.
             Killed from afar by Pikel (29 damage)
             ... with a wand of draining
             ... on level 4 of the Dungeon.
             The game lasted 00:16:30 (2231 turns).

root the Chucker (Troll Hunter)                     Turns: 2231, Time: 00:16:30

Health: -16/49     AC:  9    Str: 21    XL:     5   Next: 67%
Magic:  13/13      EV:  9    Int:  7    God:    Xom [..*...]
Gold:   157        SH:  2    Dex: 13    Spells: 0 memorised, 4 levels left

rFire  . . .     SeeInvis .     (no weapon)
rCold  x . .     Gourm    +     b - +0 robe
rNeg   . . .     Faith    .     (no shield)
rPois  .         Spirit   .     (helmet restricted)
rElec  .         Dismiss  .     (no cloak)
rCorr  .         Reflect  +     (gloves unavailable)
SustAt .         Harm     .     (boots unavailable)
MR     .....                    r - amulet "Nadurrim" {Reflect rC- MP+9 Dex+2 SH+2 Stlth+}
Stlth  ++........               (no ring)
                                (no ring)

@: heavily drained, not resistant to hostile enchantments, unstealthy
A: unfitting armour, beak, claws 3, hooves 1, rough black scales 1, agile 1,
fast metabolism 3, gourmand, sense surroundings 2, regeneration 2, shaggy fur 1,
tough skin 2
a: Renounce Religion


You were on level 4 of the Dungeon.
You worshipped Xom.
You were a toy of Xom.
You were completely stuffed.

You visited 1 branch of the dungeon, and saw 4 of its levels.

You collected 157 gold pieces.

Inventory:

Missiles
 c - 3 large rocks (quivered)
 d - a throwing net
 m - 40 stones
 o - 15 poisoned needles
 p - 13 tomahawks
Armour
 b - a +0 robe (worn)
Jewellery
 r - the amulet "Nadurrim" (around neck) {Reflect rC- MP+9 Dex+2 SH+2 Stlth+}
   (Xom gifted it to you on level 2 of the Dungeon)

   [amulet of reflection]

   It shields you and reflects attacks.
   It affects your dexterity (+2).
   It makes you vulnerable to cold.
   It affects your magic capacity (+9).
   It affects your SH (+2).
   It makes you more stealthy.
Scrolls
 a - 2 scrolls of recharging {unknown}
 j - 5 scrolls of identify {unknown}
 l - 6 scrolls of remove curse {unknown}
 s - a scroll of fear {unknown}
 u - 2 scrolls of teleportation {unknown}
 w - a scroll of immolation {unknown}
Potions
 e - 3 potions of brilliance {unknown}
 i - a potion of agility {unknown}
 n - a potion of cure mutation {unknown}
 t - a potion of heal wounds {unknown}
 v - a potion of degeneration {unknown}
 x - a potion of mutation {unknown}
Comestibles
 f - 3 bread rations
 g - a slice of pizza
 h - a meat ration
 k - 8 chunks of flesh
 q - 6 fruits


   Skills:
 + Level 2.3(0.3) Fighting
 + Level 4.7(2.6) Throwing
 + Level 2.6(0.7) Dodging
 - Level 0.4(0.0) Stealth
 * Level 2.8(0.9) Unarmed Combat


You had 4 spell levels left.
You didn't know any spells.

Dungeon Overview and Level Annotations

Branches:
Dungeon (4/15)
 Temple: D:4-7

Altars:
Ashenzari
Fedhas
Gozag
Okawaru
Xom
Zin

Annotations:
D:4 Pikel


Innate Abilities, Weirdness & Mutations

You are too large for most types of armour.
You have claws for hands.
Your metabolism is lightning-fast.
You like to eat raw meat.
You heal very quickly.
You are covered in fur (AC +1).
You have very tough skin (AC +2).
You have a beak for a mouth.
You have large cloven feet.
You are partially covered in rough black scales (AC +4, Dex -1).
You are agile. (Dex +2)
You passively map the area around you.


Message History

The slave hits your crimson imp.
Pikel zaps a wand.
The bolt of negative energy hits you!
You feel drained.
* * * LOW HITPOINT WARNING * * *
The bolt of negative energy hits your shadow imp.
Your shadow imp completely resists.
A slave comes into view.
You scratch Pikel but do no damage. You peck Pikel, but do no damage.
Pikel is moderately wounded.
Your crimson imp hits the slave.
The slave hits your crimson imp!
Your crimson imp dies!
Pikel zaps a wand.
The bolt of negative energy hits you!
You feel drained.
You claw Pikel! You peck Pikel, but do no damage.
Pikel is heavily wounded.
Pikel closely misses you.
You miss Pikel.
Pikel is heavily wounded.
Pikel zaps a wand.
The bolt of negative energy hits you!
You feel drained.
Ouch! That really hurt!
You die...
Xom cackles wildly!

,
...##...##.#.#.##
* **.#*
#.#.###...##.#.#.#
* * .,
.............#.#,#
,,[
#.#.###...##.#,# *
#.#.#.# #...# .#,
* ###(#.#.###...#
, * ,
...Dp.........#* *
*
#.#K#5####.###.#.
*
#...@5............
#.#?#.####.###.#.#
##### ### * *


You could see Pikel, a mottled dragon, a slave, a friendly quasit and a friendly
shadow imp.

Vanquished Creatures
  A slave (D:4)
  3 orc priests
  An orc wizard (D:4)
  2 adders (D:2)
  3 oozes
  A worm (D:3)
  2 giant geckos
  16 orcs
  8 bats
  3 giant cockroaches (D:1)
  6 goblins
  5 hobgoblins
  5 kobolds
  2 ball pythons (D:2)
  2 giant newts
  A quokka skeleton (D:4)
  10 rats
71 creatures vanquished.

Notes
Turn   | Place    | Note
--------------------------------------------------------------
     0 | D:1      | root the Troll Hunter began the quest for the Orb.
     0 | D:1      | Reached XP level 1. HP: 19/19 MP: 0/0
   194 | D:1      | Reached XP level 2. HP: 27/27 MP: 1/1
   210 | D:1      | Reached skill level 4 in Throwing
   238 | D:1      | Found a shimmering altar of Xom.
   438 | D:1      | Reached skill level 1 in Unarmed Combat
   763 | D:1      | Became a worshipper of Xom of Enforced Whimsey
   779 | D:2      | XOM: potion effect (agility)
   786 | D:2      | Reached XP level 3. HP: 33/33 MP: 2/2
  1022 | D:2      | Found a shattered altar of Ashenzari.
  1022 | D:2      | Found an iron altar of Okawaru.
  1023 | D:2      | Found a blossoming altar of Fedhas.
  1131 | D:2      | XOM: divination: detect creatures
  1315 | D:2      | XOM: god gift: smoking graven amulet {god gift}
  1316 | D:2      | Got a smoking graven amulet {god gift}
  1317 | D:2      | Identified the amulet "Nadurrim" {Reflect rC- MP+9 Dex+2 SH+2 Stlth+} (Xom gifted it to you on level 2 of the Dungeon)
  1433 | D:2      | XOM: 3-stop teleportation journey
  1460 | D:2      | XOM: medium Necr miscast
  1526 | D:3      | Reached XP level 4. HP: 40/42 MP: 3/3
  1567 | D:3      | Found a glowing silver altar of Zin.
  1567 | D:3      | XOM: vitrification
  1623 | D:3      | XOM: fake destruction
  1635 | D:3      | Reached XP level 5. HP: 10/49 MP: 4/4
  1861 | D:3      | Found an opulent altar of Gozag.
  1999 | D:3      | XOM: give mutations
  1999 | D:3      | Gained mutation: You have large cloven feet. [Xom's grace]
  1999 | D:3      | Gained mutation: You have a beak for a mouth. [Xom's grace]
  2010 | D:3      | XOM: give mutations
  2010 | D:3      | Gained mutation: You passively map a small area around you. [Xom's grace]
  2010 | D:3      | Gained mutation: You passively map the area around you. [Xom's grace]
  2010 | D:3      | Gained mutation: You are partially covered in rough black scales (AC +4, Dex -1). [Xom's grace]
  2010 | D:3      | Gained mutation: You are agile. (Dex +2) [Xom's grace]
  2126 | D:4      | XOM: noise
  2213 | D:4      | Noticed a slave
  2214 | D:4      | Noticed a slave
  2217 | D:4      | XOM: summons 3 friendly demons
  2223 | D:4      | Noticed Pikel
  2227 | D:4      | Noticed a slave
  2227 | D:4      | Killed a slave
  2228 | D:4      | Noticed a mottled dragon
  2228 | D:4      | a slave changed into a mottled dragon
  2228 | D:4      | XOM: polymorph slave -> mottled dragon
  2229 | D:4      | Noticed a slave
  2231 | D:4      | Killed from afar by Pikel

Vault maps used:
D:1:      ncdulo_smallfort, minmay_misc_feat_five, hangedman_decor_push,
          minivault_4, nrook_mini_vaults, xom_teletrap_fun
D:2:      gammafunk_temple_overflow_claw
D:3:      zin_statuary, first_bread, grunt_ministairs_3, grunt_gozag_breadcrumbs
D:4:      minmay_temple_entry_hall, minmay_distorted, uniq_pikel

Action                   |  1- 3 |  4- 6 || total
-------------------------+-------+-------++-------
Melee: Unarmed           |    93 |    38 ||   131
Throw: Large rock        |       |     7 ||     7
       Tomahawk          |       |    38 ||    38
       Throwing net      |       |     1 ||     1
 Stab: Sleeping          |     2 |     1 ||     3
  Eat: Chunk             |    19 |     7 ||    26
